 Dungeon Crawl Stone Soup version 0.21.1-1-g345015f (webtiles) character file.

401 theblackcape the Grave Robber (level 6, -2/47 HPs)
             Began as a Gnoll Wanderer on June 10, 2018.
             Was a Follower of Yredelemnul.
             Slain by Duvessa
             ... wielding a +0 rapier
              (6 damage)
             ... on level 4 of the Dungeon.
             The game lasted 00:20:16 (3824 turns).

theblackcape the Grave Robber (Gnoll Wanderer)      Turns: 3824, Time: 00:20:17

Health: -2/47      AC: 12    Str: 14    XL:     6   Next: 85%
Magic:  2/14       EV: 11    Int: 17    God:    Yredelemnul [*.....]
Gold:   229        SH:  0    Dex: 14    Spells: 7/15 levels left

rFire    . . .     SeeInvis .   e - +2 mace (protect)
rCold    . . .     Gourm    .   (no shield)
rNeg     . . .     Faith    .   d - +0 robe
rPois    .         Spirit   .   (no helmet)
rElec    .         Reflect  .   v - +0 cloak
rCorr    .         Harm     .   o - +1 pair of gloves
MR       .....                  (no boots)
Stlth    ++........             (no amulet)
HPRegen  0.15/turn              (no ring)
MPRegen  0.14/turn              (no ring)

@: protection aura, very slightly contaminated, heavily drained
A: distributed training, fangs 1, strong nose
a: Animate Remains, Renounce Religion


You were on level 4 of the Dungeon.
You worshipped Yredelemnul.
Yredelemnul was aware of your devotion.
You were very hungry.

You visited 1 branch of the dungeon, and saw 4 of its levels.

You collected 229 gold pieces.

Inventory:

Hand Weapons
 e - a +2 mace of protection (weapon)
 h - a cursed -1 hand axe
 u - a +0 trident
Armour
 d - a +0 robe (worn)
 o - a +1 pair of gloves (worn)
 v - a +0 cloak (worn)
 z - a cursed +0 scale mail
Scrolls
 g - a scroll of enchant weapon {unknown}
 i - a scroll of magic mapping
 l - a scroll of fog {unknown}
 m - a scroll of teleportation {unknown}
 q - 3 scrolls of identify {unknown}
 s - 2 scrolls of enchant armour
 w - a scroll of amnesia {unknown}
 y - a scroll of remove curse {unknown}
Potions
 c - 2 potions of lignification
 j - a potion of magic {unknown}
 k - a potion of might {unknown}
 n - 2 potions of agility {unknown}
 p - 4 potions of invisibility {unknown}
 r - a potion of berserk rage {unknown}
 t - a potion of brilliance {unknown}
 x - 2 potions of curing {unknown}
Books
 a - a book of Necromancy

   Spells                             Type                      Level
   a - Pain                           Necromancy                   1
   b - Animate Skeleton               Necromancy                   1
   c - Vampiric Draining              Necromancy                   3
   d - Regeneration                   Charms/Necromancy            3
   e - Animate Dead                   Necromancy                   4
   f - Borgnjor's Vile Clutch         Necromancy/Earth             5
 b - Sif Muna's Catalogue of Dislocation

   Spells                             Type                      Level
   a - Apportation                    Translocation                1
   b - Gell's Gravitas                Translocation                3
Comestibles
 f - 10 rations


   Skills:
 + Level 3.3(1.9) Fighting
 + Level 2.1(0.7) Short Blades
 + Level 2.1(0.7) Long Blades
 + Level 2.1(0.7) Axes
 + Level 2.1(0.7) Maces & Flails
 + Level 2.1(0.7) Polearms
 + Level 2.1(0.7) Staves
 + Level 2.1(0.7) Slings
 + Level 2.1(0.7) Bows
 + Level 2.1(0.7) Crossbows
 + Level 3.3(1.9) Throwing
 + Level 2.1(0.7) Armour
 + Level 2.1(0.7) Dodging
 + Level 2.1(0.7) Stealth
 + Level 2.1(0.7) Shields
 + Level 5.0(3.6) Unarmed Combat
 + Level 5.4(3.9) Spellcasting
 + Level 1.6(0.3) Conjurations
 + Level 1.6(0.3) Hexes
 + Level 1.6(0.3) Charms
 + Level 1.6(0.3) Summonings
 + Level 5.7(4.2) Necromancy
 + Level 1.6(0.3) Translocations
 + Level 1.6(0.3) Transmutations
 + Level 1.6(0.3) Fire Magic
 + Level 1.6(0.3) Ice Magic
 + Level 1.6(0.3) Air Magic
 + Level 1.6(0.3) Earth Magic
 + Level 1.6(0.3) Poison Magic
 + Level 2.3(0.9) Invocations
 + Level 3.3(1.9) Evocations


You had 7 spell levels left.
You knew the following spells:

 Your Spells              Type           Power        Failure   Level  Hunger
a - Pain                  Necr           ###.         2%          1    None
b - Vampiric Draining     Necr           ###.......   9%          3    ###....
c - Animate Dead          Necr           N/A          28%         4    ####...


Dungeon Overview and Level Annotations

Branches:
Dungeon (4/15)
 Temple: D:4-7

Altars:
Yredelemnul

Annotations:
D:4 Duvessa, Sigmund


Innate Abilities, Weirdness & Mutations

Your experience applies equally to all skills.
You have very sharp teeth.
Your uncanny sense of smell can sniff out nearby items.


Message History

Confirm with . or Enter, or press ? or * to list all spells.
You don't have enough magic to cast that spell.
Unknown command.
Unknown command.
Duvessa hits you with a rapier.
Duvessa rages.
Duvessa hits you with a rapier. Duvessa hits you with a rapier!
* * * LOW HITPOINT WARNING * * *
A hound comes into view.
The hound barks!
The hound bites you but does no damage. Duvessa barely misses you.
The hound bites you.
* * * LOW HITPOINT WARNING * * *
You hit the hound.
Your weapon exudes an aura of protection.
The hound is moderately wounded.
The hound misses you. Duvessa hits you with a rapier.
You die...
Your body rises from the dead as a mindless zombie.

#.. .. #
#.####.#
#....#. ∆
..... ...
#h# #@# #e#
#.# ..#.# #
#.#o# #.
#e#.# ##.#
#.#.#
..{.###.#.#
.. .....#.#


You could see Duvessa (berserk), a hound and an orc priest.

Vanquished Creatures
  An ogre (D:4)
  Dowan (D:4)
  An orc priest (D:4)
  A hound (D:4)
  A bullfrog skeleton (D:3)
  A worker ant (D:4)
  A hound skeleton (D:4)
  8 adders
  An ooze (D:3)
  2 worms (D:3)
  3 leopard geckos
  6 orcs
  4 giant cockroaches
  5 goblins (D:2)
  6 hobgoblins
  4 ball pythons
  6 bats
  3 frilled lizards
  6 kobolds
  11 rats
72 creatures vanquished.

Vanquished Creatures (collateral kills)
  A bat (D:2)
1 creature vanquished.

Grand Total: 73 creatures vanquished

Notes
Turn   | Place    | Note
-------+----------+-------------------------------------------
     0 | D:1      | theblackcape the Gnoll Wanderer began the quest for the Orb.
     0 | D:1      | theblackcape set off with: a book of Necromancy, Sif Muna's Catalogue of Dislocation, a potion of lignification, a +0 robe, a +0 club, a ration
     0 | D:1      | Reached XP level 1. HP: 17/17 MP: 6/6
     1 | D:1      | Identified Sif Muna's Catalogue of Dislocation
     3 | D:1      | Learned a level 1 spell: Pain
   382 | D:1      | Reached XP level 2. HP: 23/23 MP: 7/7
   835 | D:1      | Reached XP level 3. HP: 21/28 MP: 5/9
   888 | D:1      | Learned a level 3 spell: Vampiric Draining
   927 | D:2      | Reached skill level 5 in Spellcasting
  1176 | D:3      | Reached skill level 1 in Invocations
  1290 | D:2      | Reached skill level 1 in Short Blades
  1290 | D:2      | Reached skill level 1 in Long Blades
  1290 | D:2      | Reached skill level 1 in Axes
  1290 | D:2      | Reached skill level 1 in Maces & Flails
  1290 | D:2      | Reached skill level 1 in Polearms
  1290 | D:2      | Reached skill level 1 in Staves
  1290 | D:2      | Reached skill level 1 in Slings
  1290 | D:2      | Reached skill level 1 in Bows
  1290 | D:2      | Reached skill level 1 in Crossbows
  1290 | D:2      | Reached skill level 1 in Armour
  1290 | D:2      | Reached skill level 1 in Dodging
  1290 | D:2      | Reached skill level 1 in Stealth
  1290 | D:2      | Reached skill level 1 in Shields
  1290 | D:2      | Reached XP level 4. HP: 30/34 MP: 4/11
  1312 | D:2      | Found a basalt altar of Yredelemnul.
  1346 | D:2      | Became a worshipper of Yredelemnul the Dark
  1352 | D:2      | Learned a level 4 spell: Animate Dead
  1879 | D:3      | Reached skill level 1 in Conjurations
  1879 | D:3      | Reached skill level 1 in Hexes
  1879 | D:3      | Reached skill level 1 in Charms
  1879 | D:3      | Reached skill level 1 in Summonings
  1879 | D:3      | Reached skill level 1 in Translocations
  1879 | D:3      | Reached skill level 1 in Transmutations
  1879 | D:3      | Reached skill level 1 in Fire Magic
  1879 | D:3      | Reached skill level 1 in Ice Magic
  1879 | D:3      | Reached skill level 1 in Air Magic
  1879 | D:3      | Reached skill level 1 in Earth Magic
  1879 | D:3      | Reached skill level 1 in Poison Magic
  2053 | D:3      | Reached XP level 5. HP: 40/40 MP: 12/12
  2832 | D:4      | Noticed an ogre
  2841 | D:4      | Killed an ogre
  2841 | D:4      | Reached XP level 6. HP: 17/47 MP: 1/13
  3088 | D:4      | Noticed Sigmund
  3268 | D:4      | Reached * piety under Yredelemnul
  3268 | D:4      | Reached skill level 5 in Unarmed Combat
  3304 | D:4      | HP: 1/47 [something (8)]
  3654 | D:4      | Noticed Duvessa
  3655 | D:4      | Noticed Dowan
  3812 | D:4      | Killed Dowan
  3824 | D:4      | Slain by Duvessa

Skill      XL: |  1  2  3  4  5  6 |
---------------+-------------------+-----
Spellcasting   | 5 |  5.4
Invocations    | 1 2 |  2.3
Short Blades   | 1 2 |  2.1
Long Blades    | 1 2 |  2.1
Axes           | 1 2 |  2.1
Maces & Flails | 1 2 |  2.1
Polearms       | 1 2 |  2.1
Staves         | 1 2 |  2.1
Slings         | 1 2 |  2.1
Bows           | 1 2 |  2.1
Crossbows      | 1 2 |  2.1
Armour         | 1 2 |  2.1
Dodging        | 1 2 |  2.1
Stealth        | 1 2 |  2.1
Shields        | 1 2 |  2.1
Conjurations   | 1 |  1.6
Hexes          | 1 |  1.6
Charms         | 1 |  1.6
Summonings     | 1 |  1.6
Translocations | 1 |  1.6
Transmutations | 1 |  1.6
Fire Magic     | 1 |  1.6
Ice Magic      | 1 |  1.6
Air Magic      | 1 |  1.6
Earth Magic    | 1 |  1.6
Poison Magic   | 1 |  1.6
Fighting       | 3 |  3.3
Throwing       | 3 |  3.3
Evocations     | 3 |  3.3
Unarmed Combat | 5 |  5.0
Necromancy     | |  5.7

Action                   |  1- 3 |  4- 6 || total
-------------------------+-------+-------++-------
Melee: Unarmed           |     5 |       ||     5
       Mace              |    27 |    46 ||    73
       Bite              |     4 |     5 ||     9
       Punch             |       |     1 ||     1
 Cast: Pain              |    40 |    68 ||   108
       Vampiric Draining |     2 |     7 ||     9
       Animate Dead      |       |     4 ||     4
  Use: Scroll            |       |     2 ||     2
 Stab: Sleeping          |     1 |     1 ||     2
  Eat: Chunk             |     1 |     8 ||     9
Armor: Robe              |     6 |    25 ||    31
Dodge: Dodged            |    19 |    44 ||    63
